 Dungeon Crawl Stone Soup version 0.19.3-1-g3169bf9 (webtiles) character file.

74878 dngmouse the Warrior (level 15, -3/147 HPs)
             Began as a Minotaur Fighter on Jan 24, 2017.
             Was the Champion of Okawaru.
             Slain by a sixfirhy (11 damage)
             ... led by a cacodemon
             ... on level 6 of the Lair of Beasts on Jan 25, 2017.
             The game lasted 01:32:30 (25570 turns).

dngmouse the Warrior (Minotaur Fighter)            Turns: 25570, Time: 01:32:32

Health: -3/147     AC: 37    Str: 16    XL:     15   Next: 8%
Magic:  18/24      EV: 12    Int: 11    God:    Okawaru [******]
Gold:   1771       SH: 16    Dex: 15    Spells: 0 memorised, 14 levels left

rFire  + . .     SeeInvis +     V - +10 mace "Apuasenna" {venom, *Noise Int+4}
rCold  + . .     Gourm    .     p - +9 plate armour of Oblivion {rC+ Str-4 Int+2 SInv}
rNeg   + . .     Faith    .     c - +0 shield
rPois  .         Spirit   .     (helmet restricted)
rElec  .         Reflect  +     m - +1 cloak {MR+}
rCorr  .         Harm     .     g - +2 pair of gloves {archery}
MR     ++...                    (no boots)
Stlth  ..........               r - +5 amulet of reflection
                                I - +4 ring of protection
                                a - ring of positive energy

@: heroism, finesse, very slightly contaminated, hasted, very quick
A: retaliatory headbutt, horns 2, fire resistance 1, weak 1
a: Heroism, Finesse, Renounce Religion


You were on level 6 of the Lair of Beasts.
You worshipped Okawaru.
Okawaru was exalted by your worship.
You were very hungry.

You visited 5 branches of the dungeon, and saw 22 of its levels.
You also visited: Labyrinth.

You collected 2146 gold pieces.
You spent 375 gold pieces at shops.

Inventory:

Hand Weapons
 x - a +5 flail of protection
 V - the +10 mace "Apuasenna" (weapon) {venom, *Noise Int+4}
   (Okawaru gifted it to you on level 12 of the Dungeon)

   It poisons the flesh of those it strikes.
   It affects your intelligence (+4).
   It may make noises in combat.
Armour
 c - a +0 shield (worn)
 g - a +2 pair of gloves of archery (worn)
 m - a +1 cloak of magic resistance (worn)
 p - the +9 plate armour of Oblivion (worn) {rC+ Str-4 Int+2 SInv}
   (Okawaru gifted it to you on level 1 of the Orcish Mines)

   It affects your strength (-4).
   It affects your intelligence (+2).
   It protects you from cold.
   It lets you see invisible.
 H - the +1 plate armour of Noon {rPois rCorr Int+5}
   (You found it in a labyrinth)

   It affects your intelligence (+5).
   It protects you from poison.
   It protects you from acid and corrosion.
Jewellery
 a - a ring of positive energy (left hand)
 l - an uncursed ring of ice
 r - a +5 amulet of reflection (around neck)
 s - an uncursed ring of see invisible
 I - a +4 ring of protection (right hand)
 R - the amulet of Usiymyast {Regen+ Int+4}
   (You found it on level 10 of the Dungeon)

   [amulet of regeneration]

   It affects your intelligence (+4).
   It increases your rate of regeneration.
Wands
 b - a wand of iceblast (8/15)
 i - a wand of lightning (10/15)
 q - a wand of digging (24/24)
 y - a wand of flame (25/48)
 N - a wand of acid (6/15)
 Q - a wand of paralysis (15/24)
 Y - a wand of heal wounds (9/9)
Scrolls
 e - 10 scrolls of identify
 h - a scroll of blinking
 j - 9 scrolls of remove curse
 n - 5 scrolls of magic mapping
 o - a scroll of fear {unknown}
 u - 8 scrolls of teleportation
 w - a scroll of amnesia
 B - a scroll of holy word {unknown}
Potions
 d - 9 potions of might
 k - 4 potions of curing
 v - 2 potions of ambrosia
 z - 2 potions of haste
 D - a potion of berserk rage {unknown}
 K - 3 potions of cure mutation
 L - 3 potions of heal wounds
 U - a potion of resistance
Miscellaneous
 E - a phial of floods
Comestibles
 f - 16 bread rations
 t - a beef jerky
 A - a meat ration


   Skills:
 * Level 17.0(22.0) Fighting
 - Level 13.2(18.2) Maces & Flails
 + Level 12.7(17.7) Armour
 + Level 9.9(14.9) Dodging
 - Level 3.6(8.6) Shields
 * Level 14.1 Invocations


You had 14 spell levels left.
You didn't know any spells.

Dungeon Overview and Level Annotations

Branches:
Dungeon (12/15)            Temple (1/1) D:7            Lair (6/6) D:9
 Shoals (0/4) Lair:3       Spider (0/4) Lair:3        Slime (0/5) Lair:6
    Orc (2/2) D:11            Elf (0/3) Orc:2          Hell (1/1)
    Dis: Hell:1         Geh: Hell:1         Coc: Hell:1         Tar: Hell:1

Altars:
Ashenzari
Cheibriados
Dithmenos
Elyvilon
Fedhas
Gozag
Hepliaklqana
Kikubaaqudgha
Makhleb
Nemelex Xobeh
Okawaru
Qazlal
Ru
Sif Muna
Trog
Uskayaw
Vehumet
Xom
Yredelemnul
Zin
The Shining One
Beogh
Jiyva

Shops:
D:5 !   Orc:1 }   Orc:2 :(:?

Portals:
Hell: Lair:6


Innate Abilities, Weirdness & Mutations

You reflexively headbutt those who attack you in melee.
You have a pair of horns on your head.
Your flesh is heat resistant. (rF+)
You are weak. (Str -2)


Message History

You hit the fire elemental.
The fire elemental is almost destroyed.
You sock the fire elemental!
You destroy the fire elemental!
Okawaru accepts your kill. The sixfirhy misses you.
You block the sixfirhy's attack.
There is an open door here.
You sock the sixfirhy!
The sixfirhy looks as sick as possible!
The sixfirhy is severely wounded.
The sixfirhy completely misses you. You block the sixfirhy's attack.
The smoke demon gestures at you. Something smites you!
* * * LOW HITPOINT WARNING * * *
You sock the sixfirhy!
The sixfirhy looks as sick as possible!
Your headbutt misses the sixfirhy.
The sixfirhy is almost dead.
The sixfirhy closely misses you. The sixfirhy hits you.
* * * LOW HITPOINT WARNING * * *
The sixfirhy shocks you!
You die...

♣♣♣..♣♣..♣♣♣ ♣♣♣..♣♣♣♣♣...♣♣
♣♣ ♣♣♣..♣♣♣ ♣♣...♣♣♣♣ ♣♣♣♣.
♣...♣♣♣ ♣♣♣....♣♣♣...♣
♣.....♣ ♣♣♣.......♣♣
#######''###### ♣♣♣.♣♣.♣♣
#.............#########'♣♣♣♣♣
#....8....8...#........#♣ #
#.............@§..8.8..#
#≈###############3.8.8...#
#≈§≈≈≈≈§§.......#3..8.8..# ♣
#≈≈≈§≈.§§....)..#..8[8...# ♣
#§≈≈§∩§....3.§.3§...8.8..# ♣
#§≈≈≈≈≈.......§§#..8.8...# ♣
#≈≈≈≈§≈≈≈≈§.§.).#........#
#§≈≈≈≈≈§§≈§§≈#############
#≈≈≈≈≈§≈§§§§§§≈


You could see a sixfirhy and a smoke demon.

Vanquished Creatures
  Geryon (Hell)
  Kirke (Lair:5)
  An orc warlord (Orc:1)
  A dire elephant (Lair:6)
  A blizzard demon (Hell)
  A minotaur (Lab)
  Fannar (Orc:1)
  Josephine (Lair:4)
  Harold (D:12)
  8 hydras
  3 ogre magi (Orc:2)
  3 death yaks (Lair:3)
  Urug (Lair:2)
  2 orc high priests (Orc:2)
  A sun demon (Lair:6)
  Sonja (Lair:4)
  Nergalle (Orc:2)
  A sixfirhy (Lair:6)
  The ghost of dscm the Covert, a novice OpEE of Sif Muna (D:7)
  An orc knight (Orc:1)
  Pikel (D:7)
  An orb spider (Lair:3)
  A hill giant (D:12)
  A wizard (Lair:6)
  8 orc sorcerers
  An ugly thing (D:12)
  A deep elf mage (D:11)
  2 cyclopes (D:11)
  Joseph (Lair:1)
  A black mamba (Lair:6)
  Maurice (Orc:1)
  3 sirens (Lair:3)
  3 orange demons (Lair:6)
  6 rime drakes
  9 spiny frogs
  A kobold demonologist (D:11)
  8 komodo dragons
  3 ice devils (Lair:6)
  3 red devils (Lair:6)
  A merfolk (Lair:2)
  A hellwing (Lair:6)
  2 trolls (Orc:1)
  A minotaur zombie (Lab)
  A hornet (D:12)
  A minotaur skeleton (Lab)
  19 blink frogs
  6 dream sheep (Lair:4)
  9 hippogriffs
  Sigmund (D:3)
  A redback (Lab)
  A vampire (D:11)
  6 wraiths
  9 hogs
  36 yaks
  5 wyverns
  A fire elemental (Lair:6)
  A hungry ghost (Lab)
  A human (D:7)
  3 basilisks
  Menkaure (D:7)
  Edmund (D:3)
  5 wargs
  16 water moccasins
  16 porcupines
  An ice beast (D:9)
  3 sky beasts
  2 black bears
  An eye of draining (D:10)
  2 necrophages
  9 ogres
  25 orc warriors
  2 phantoms
  7 wolves
  16 centaurs
  17 crocodiles
  3 big kobolds
  The ghost of dscm the Sneak, an amateur OpEE (D:5)
  16 bullfrogs
  A wyvern zombie (D:9)
  18 killer bees
  4 wights (D:7)
  3 howler monkeys
  7 crimson imps
  2 centaur zombies
  A bullfrog zombie (D:6)
  A jelly (D:9)
  13 orc priests
  6 hounds
  Ijyb (D:3)
  4 bullfrog skeletons
  2 centaur skeletons
  An iguana (D:4)
  6 worker ants
  37 orc wizards
  A killer bee zombie (D:6)
  3 gnolls (D:6)
  2 howler monkey skeletons
  11 adders
  3 shadow imps
  An ooze (D:2)
  An adder skeleton (D:6)
  2 dart slugs
  5 leopard geckos
  76 orcs
  A ball python (D:2)
  8 giant cockroaches
  9 goblins
  7 hobgoblins
  8 jackals
  18 kobolds
  6 quokkas
  8 bats
  3 frilled lizards
  6 rats
  A butterfly (D:7)
624 creatures vanquished.

Vanquished Creatures (others)
  A wizard (D:6)
  A human (Lair:5)
  A slave (D:7)
  A worker ant (D:7)
  An orc (Orc:2)
  A butterfly (D:7)
  9 fungi
  14 plants
29 creatures vanquished.

Grand Total: 653 creatures vanquished

Notes
Turn   | Place    | Note
-------+----------+-------------------------------------------
     0 | D:1      | dngmouse the Minotaur Fighter began the quest for the Orb.
     0 | D:1      | Reached XP level 1. HP: 19/19 MP: 0/0
   206 | D:1      | Reached XP level 2. HP: 27/27 MP: 1/1
   250 | D:1      | Reached skill level 4 in Fighting
   802 | D:2      | Reached XP level 3. HP: 31/33 MP: 2/2
  1285 | D:3      | Noticed Ijyb
  1311 | D:3      | Killed Ijyb
  1311 | D:3      | Reached skill level 5 in Maces & Flails
  1311 | D:3      | Reached XP level 4. HP: 18/40 MP: 3/3
  1600 | D:3      | Found a hide-covered altar of Uskayaw.
  1789 | D:3      | Noticed Sigmund
  1826 | D:2      | HP: 2/40 [poisoned by Sigmund]
  2182 | D:2      | Reached XP level 5. HP: 30/46 MP: 4/4
  2701 | D:4      | Noticed Edmund
  2744 | D:3      | Killed Edmund
  2744 | D:3      | Reached XP level 6. HP: 5/52 MP: 5/5
  3358 | D:4      | Reached XP level 7. HP: 59/59 MP: 6/6
  3711 | D:5      | Entered Level 5 of the Dungeon
  3734 | D:5      | Found a faded altar of an unknown god.
  3734 | D:5      | Found a faded altar of an unknown god.
  3739 | D:5      | Found a faded altar of an unknown god.
  3739 | D:5      | Noticed dscm's ghost (amateur OpEE)
  3741 | D:5      | Found a stormy altar of Qazlal.
  3751 | D:5      | Killed dscm's ghost
  3752 | D:5      | Found a faded altar of an unknown god.
  3984 | D:5      | Found a sacrificial altar of Ru.
  4259 | D:5      | Found Inyrphag's Distillery.
  4613 | D:6      | Noticed a hippogriff
  4627 | D:6      | Killed a hippogriff
  4627 | D:6      | Reached skill level 10 in Maces & Flails
  4884 | D:6      | Found a glowing golden altar of the Shining One.
  4928 | D:6      | Reached XP level 8. HP: 40/66 MP: 7/7
  4936 | D:6      | Found a basalt altar of Yredelemnul.
  4941 | D:6      | Found a bloodstained altar of Trog.
  5352 | D:6      | Noticed a wizard
  5355 | D:6      | Killed a wizard
  5869 | D:7      | Found an iron altar of Okawaru.
  5877 | D:7      | Became a worshipper of Warmaster Okawaru
  6054 | D:3      | Killed Sigmund
  6288 | D:7      | Found a staircase to the Ecumenical Temple.
  6303 | Temple   | Entered the Ecumenical Temple
  6442 | D:7      | Noticed Pikel
  6452 | D:7      | Killed Pikel
  6452 | D:7      | Reached * piety under Okawaru
  6452 | D:7      | Reached skill level 5 in Fighting
  6452 | D:7      | Reached XP level 9. HP: 73/74 MP: 7/9
  6497 | D:7      | Noticed dscm's ghost (novice OpEE)
  6524 | D:7      | Killed dscm's ghost
  6524 | D:7      | Reached ** piety under Okawaru
  6524 | D:7      | Reached skill level 6 in Fighting
  6524 | D:7      | Reached skill level 5 in Armour
  6568 | D:7      | Reached skill level 7 in Fighting
  6580 | D:7      | Reached *** piety under Okawaru
  6590 | D:7      | Reached skill level 5 in Invocations
  6878 | D:7      | Noticed Menkaure
  6886 | D:7      | Killed Menkaure
  7052 | D:8      | Gained mutation: Your magical capacity is low. (-10% MP) [mutagenic meat]
  7056 | D:8      | Gained mutation: You are weak. (Str -2) [potion of mutation]
  7056 | D:8      | Gained mutation: Your magical capacity is very low. (-20% MP) [potion of mutation]
  7056 | D:8      | Gained mutation: Scrolls take you a little longer to read. [potion of mutation]
  7202 | D:5      | Reached XP level 10. HP: 88/88 MP: 10/10
  7214 | D:5      | Bought a potion of cure mutation for 375 gold pieces
  7214 | D:5      | Lost mutation: Your magical capacity is very low. (-20% MP) [potion of cure mutation]
  7214 | D:5      | Lost mutation: Scrolls take you a little longer to read. [potion of cure mutation]
  7214 | D:5      | Lost mutation: Your magical capacity is low. (-10% MP) [potion of cure mutation]
  7383 | D:8      | Reached skill level 8 in Fighting
  7968 | D:8      | Reached **** piety under Okawaru
  8240 | D:8      | Found a sparkling altar of Nemelex Xobeh.
  8241 | D:8      | Found an opulent altar of Gozag.
  8309 | D:8      | Found a deep blue altar of Sif Muna.
  8669 | D:9      | Found a staircase to the Lair.
  8734 | D:9      | Received a gift from Okawaru
  8734 | D:9      | Reached skill level 9 in Fighting
  8850 | D:9      | Found a hazy altar of Hepliaklqana.
  9621 | D:9      | Found a snail-covered altar of Cheibriados.
  9621 | D:9      | Found a burning altar of Makhleb.
  9719 | D:10     | Entered Level 10 of the Dungeon
  9873 | D:10     | Reached skill level 10 in Fighting
 10085 | D:10     | Got a brightly glowing diamond amulet
 10389 | D:11     | Found a sacrificial altar of Ru.
 10397 | D:11     | Noticed a cyclops
 10418 | D:11     | Killed a cyclops
 10591 | D:11     | Reached XP level 11. HP: 101/101 MP: 15/15
 10754 | D:11     | Found a staircase to the Orcish Mines.
 10765 | D:11     | Reached ***** piety under Okawaru
 10806 | D:11     | Reached skill level 1 in Dodging
 11136 | D:11     | Noticed a deep elf mage
 11151 | D:11     | Killed a deep elf mage
 11278 | D:11     | Reached skill level 11 in Fighting
 11776 | D:12     | Received a gift from Okawaru
 11794 | D:12     | Got a warped mace {god gift}
 11795 | D:12     | Identified the amulet of Usiymyast {Regen+ Int+4} (You found it on level 10 of the Dungeon)
 11797 | D:12     | Identified the +10 mace "Apuasenna" {venom, *Noise Int+4} (Okawaru gifted it to you on level 12 of the Dungeon)
 11848 | D:12     | Found a labyrinth entrance.
 11926 | D:12     | Noticed a hill giant
 11963 | D:12     | Killed a hill giant
 11976 | Lab      | Entered a labyrinth
 12184 | Lab      | Noticed a minotaur
 12194 | Lab      | Killed a minotaur
 12229 | Lab      | Got a shimmering plate armour
 12231 | Lab      | Identified the cursed +1 plate armour of Noon {rPois rCorr Int+5} (You found it in a labyrinth)
 12592 | D:12     | Noticed Harold
 12610 | D:12     | Killed Harold
 12610 | D:12     | Reached skill level 12 in Fighting
 12612 | D:12     | Noticed a white ugly thing
 12628 | D:12     | Killed a white ugly thing
 12628 | D:12     | Received a gift from Okawaru
 12634 | D:12     | Gained mutation: Your flesh is heat resistant. (rF+) [mutagenic meat]
 12848 | D:12     | Reached XP level 12. HP: 32/112 MP: 14/18
 13112 | Lair:1   | Entered Level 1 of the Lair of Beasts
 13413 | Lair:1   | Reached skill level 10 in Invocations
 13612 | Lair:1   | Reached skill level 5 in Dodging
 13613 | Lair:1   | Noticed Joseph
 13624 | Lair:1   | Killed Joseph
 14488 | Lair:2   | Reached skill level 13 in Fighting
 14822 | Lair:2   | Noticed Urug
 14832 | Lair:2   | Killed Urug
 14832 | Lair:2   | Received a gift from Okawaru
 15367 | Lair:2   | Reached skill level 10 in Armour
 15639 | Lair:3   | Noticed a seven-headed hydra
 15660 | Lair:2   | Killed a seven-headed hydra
 15847 | Lair:3   | Received a gift from Okawaru
 16131 | Lair:3   | Found a staircase to the Shoals.
 16159 | Lair:3   | Reached XP level 13. HP: 123/123 MP: 20/20
 16224 | Lair:3   | Reached skill level 14 in Fighting
 16339 | Lair:3   | Found a hole to the Spider Nest.
 17014 | Lair:3   | Received a gift from Okawaru
 17587 | Lair:4   | Noticed Josephine
 17604 | Lair:4   | Killed Josephine
 17805 | Lair:4   | Noticed Sonja
 17843 | Lair:4   | Killed Sonja
 18624 | Orc:1    | Entered Level 1 of the Orcish Mines
 18695 | Orc:1    | Found Xyopuvel's Gadget Boutique.
 18973 | Orc:1    | Noticed Fannar
 18995 | Orc:1    | Killed Fannar
 19283 | Orc:2    | Entered Level 2 of the Orcish Mines
 19283 | Orc:2    | Noticed Maurice
 19306 | Orc:1    | Killed Maurice
 19703 | Orc:2    | Reached skill level 15 in Fighting
 19850 | Orc:2    | Found a staircase to the Elven Halls.
 19996 | Orc:2    | Noticed an orc warlord
 20027 | Orc:1    | Killed an orc warlord
 20382 | Orc:1    | Received a gift from Okawaru
 20385 | Orc:1    | Got a smelly plate armour {god gift}
 20386 | Orc:1    | Identified the +9 plate armour of Oblivion {rC+ Str-4 Int+2 SInv} (Okawaru gifted it to you on level 1 of the Orcish Mines)
 21126 | Orc:2    | Reached XP level 14. HP: 115/135 MP: 22/22
 21159 | Orc:2    | Noticed Nergalle
 21174 | Orc:2    | Killed Nergalle
 21192 | Orc:2    | Found an ancient bone altar of Kikubaaqudgha.
 21196 | Orc:2    | Found Kiabal's Book Shop.
 21319 | Orc:2    | Found Jiqak's Book Boutique.
 21320 | Orc:2    | Found a roughly hewn altar of Beogh.
 21334 | Orc:2    | Found Laulot's Antique Weapon Shop.
 21338 | Orc:2    | Reached ****** piety under Okawaru
 21387 | Orc:2    | Found a radiant altar of Vehumet.
 21402 | Orc:2    | Found Joklul's Magic Scroll Boutique.
 22301 | Lair:5   | Noticed Kirke
 22318 | Lair:5   | Noticed a sphinx
 22318 | Lair:5   | Killed Kirke
 23066 | Lair:6   | Entered Level 6 of the Lair of Beasts
 23156 | Lair:6   | Reached skill level 16 in Fighting
 23623 | Lair:6   | Received a gift from Okawaru
 24716 | Lair:6   | Found a staircase to the Slime Pits.
 24716 | Lair:6   | Found a viscous altar of Jiyva.
 25027 | Lair:6   | Found a burning altar of Makhleb.
 25077 | Lair:6   | Received a gift from Okawaru
 25129 | Lair:6   | Found a gateway to Hell.
 25478 | Hell     | Entered the Vestibule of Hell
 25478 | Hell     | Noticed Geryon
 25508 | Hell     | Noticed a reaper
 25511 | Hell     | Noticed a reaper
 25524 | Hell     | Killed Geryon
 25524 | Hell     | Reached XP level 15. HP: 63/146 MP: 20/24
 25533 | Hell     | Reached skill level 17 in Fighting
 25570 | Lair:6   | Slain by a sixfirhy

Skill      XL: |  1  2  3  4  5  6  7  8  9 10 11 12 13 14 15 |
---------------+----------------------------------------------+-----
Maces & Flails | 3 5 7 9 11 13 | 13.2
Fighting       | 4 5 7 10 12 13 15 16 17 | 17.0
Armour         | 4 5 7 9 10 11 12 | 12.7
Invocations    | 2 5 7 9 11 12 14 | 14.1
Dodging        | 4 6 8 9 |  9.9
Shields        | |  3.6

Action                   |  1- 3 |  4- 6 |  7- 9 | 10-12 | 13-15 || total
-------------------------+-------+-------+-------+-------+-------++-------
Melee: Flail             |   114 |   106 |   225 |   474 |       ||   919
       Headbutt          |    12 |    21 |    37 |   187 |   225 ||   482
       Mace              |       |       |       |   410 |  1016 ||  1426
       Unarmed           |       |       |       |       |     5 ||     5
Invok: Heroism           |       |       |     1 |     6 |     8 ||    15
       Finesse           |       |       |       |     6 |     3 ||     9
Evoke: Wand              |       |       |       |       |     6 ||     6
  Use: Potion            |     2 |       |     5 |     4 |     4 ||    15
       Scroll            |       |       |     9 |    17 |     5 ||    31
 Stab: Distracted        |       |       |       |     2 |       ||     2
  Eat: Chunk             |       |     8 |    12 |    31 |    28 ||    79
       Fruit             |       |       |       |     2 |       ||     2
       Pizza             |       |       |       |     1 |       ||     1
       Beef jerky        |       |       |       |       |     1 ||     1
Armor: Scale mail        |    77 |    47 |    28 |       |       ||   152
       Chain mail        |       |       |    71 |    37 |       ||   108
       Plate armour      |       |       |       |   315 |   621 ||   936
Dodge: Dodged            |    48 |    37 |    36 |   152 |   288 ||   561
Block: Shield            |    69 |    49 |    62 |   381 |   792 ||  1353
       Reflection        |       |       |       |     1 |     8 ||     9
